 Dungeon Crawl Stone Soup version 0.31-a0-986-g5e6e4ef867 (webtiles) character file.

Game seed: 10604257729216033717

43704 lunkers the Nimble (level 15, 0/132 HPs)
             Began as a Meteoran Fighter on Nov 10, 2023.
             Was the Champion of the Shining One.
             Slain by a merfolk impaler
             ... wielding a +3 trident of protection
              (11 damage)
             ... on level 4 of the Shoals on Nov 16, 2023.
             The game lasted 00:30:53 (7765 turns).

lunkers the Nimble (Meteoran Fighter)               Turns: 7765, Time: 00:30:54

Health: 0/132      AC: 21    Str: 25    XL:     15   Next: 4%
Magic:  0/43       EV: 18    Int: 12    God:    the Shining One [******]
Gold:   351        SH:  8    Dex: 14    Spells: 14/14 levels left

rFire   . . .        a - +1 morningstar
rCold   . . .        x - +3 buckler of Midsummer {rPois rN+}
rNeg    + + +        A - +2 ring mail {rPois}
rPois   +            G - +0 helmet
rElec   .            (no cloak)
rCorr   .            M - +2 pair of gloves
SInv    .            g - +1 pair of boots of the Bulwark {MP+9 Dex-5 Slay+5}
Will    +....        p - amulet of guardian spirit
Stlth   +            m - ring "Plog" {rPois MP+9}
HPRegen 0.42/turn    v - ring "Woatyf" {AC+4 Str+3 Dex+3}
MPRegen 0.28/turn

%: guardian spirit
@: lethally poisoned (0 -> -5), glowing, studying Armour
A: sense surroundings 2, otherworldly, glowing, explore regen
a: Renounce Religion, Divine Shield, Cleansing Flame, Summon Divine Warrior,
Brand Weapon With Holy Wrath


You were on level 4 of the Shoals.
You worshipped the Shining One.
The Shining One was exalted by your worship.
You visited 3 branches of the dungeon, and saw 19 of its levels.
You also visited: Sewer and Ossuary.

You collected 809 gold pieces.
You spent 458 gold pieces at shops.

Inventory:

Hand Weapons
 a - a +1 morningstar (weapon)
 e - a +0 flail of chaos
Missiles
 d - 3 throwing nets
Armour
 g - the +1 pair of boots of the Bulwark (worn) {MP+9 Dex-5 Slay+5}
   (You acquired it in an ossuary)

   Dex-5:     It affects your dexterity (-5).
   Slay+5:    It affects your accuracy & damage with ranged weapons and melee
   (+5).
   MP+9:      It affects your magic capacity (+9).
 w - the scarf "Goorar" {+Inv, +Blink rC- Will+++}
   (You bought it in a shop on level 7 of the Dungeon)

   rC-:       It makes you vulnerable to cold.
   Will+++:   It greatly increases your willpower.
   +Blink:    It lets you blink.
 x - the +3 buckler of Midsummer (worn) {rPois rN+}
   (You acquired it on level 7 of the Dungeon)

   rPois:     It protects you from poison rN+: It protects you from negative
   energy.
 A - a +2 ring mail of poison resistance (worn)
 G - a +0 helmet (worn)
 M - a +2 pair of gloves (worn)
 O - the +0 pair of gloves of Syndicalism {rC- Slay+4}
   (You bought it in a shop on level 2 of the Shoals)

   Slay+4:    It affects your accuracy & damage with ranged weapons and melee
   (+4).
   rC-:       It makes you vulnerable to cold.
Jewellery
 m - the ring "Plog" (left hand) {rPois MP+9}
   (You acquired it on level 7 of the Dungeon)

   [ring of magical power]

   rPois:     It protects you from poison MP+9: It affects your magic capacity
   (+9).
 p - an amulet of guardian spirit (around neck)
 v - the ring "Woatyf" (right hand) {AC+4 Str+3 Dex+3}
   (You acquired it on level 7 of the Dungeon)

   [ring of protection]

   AC+4:      It affects your AC (+4).
   Str+3:     It affects your strength (+3).
   Dex+3:     It affects your dexterity (+3).
 F - a ring of see invisible
 N - the ring of Xom, Leaping {Fire Int+3}
   (You found it on level 5 of the Lair of Beasts)

   [ring of fire]

   Fire:      It enhances your fire magic.
   Int+3:     It affects your intelligence (+3).
   rF+:       It protects you from fire.
   rC-:       It makes you vulnerable to cold.
 Q - an amulet of the acrobat
Wands
 f - a wand of mindburst (18)
 j - a wand of roots (15)
 q - a wand of charming (22)
 z - a wand of flame (35)
 B - a wand of polymorph (6)
 P - a wand of acid (3)
Scrolls
 b - a scroll of poison
 c - a scroll of enchant weapon
 h - 2 scrolls of vulnerability
 k - 4 scrolls of fear
 y - 2 scrolls of teleportation
 C - 2 scrolls of identify
 H - 2 scrolls of fog
 I - 2 scrolls of revelation
 L - a scroll of amnesia
Potions
 i - 5 potions of heal wounds
 l - a potion of enlightenment
 n - 3 potions of invisibility
 o - 2 potions of ambrosia
 r - 10 potions of curing
 s - 6 potions of brilliance
 t - 5 potions of haste
 u - 2 potions of berserk rage
 D - 2 potions of mutation
 J - 2 potions of lignification
 K - a potion of degeneration
Miscellaneous
 E - a phantom mirror
 R - a lightning rod (4/4)


   Skills:
 + Level 11.6 Fighting
 * Level 14.8 Maces & Flails
 + Level 12.7 Armour
 + Level 14.8 Dodging
 - Level 3.2 Shields
 - Level 12.0 Invocations


You had 14 spell levels left.
You didn't know any spells.
Your spell library was empty.

Dungeon Overview and Level Annotations

Branches:
Dungeon (10/15) Zot: 1200  Temple (0/1) D:7            Lair (5/5) D:10 Zot: 1324
 Shoals (4/4) Lair:3 Zot: 1771   Slime (0/5) Lair:5        Sewer (visited)
Ossuary (visited)
  Snake: Lair:2-3    Spider: Lair:2-3       Orc: D:9-12

Altars:
Dithmenos
Fedhas
Kikubaaqudgha
Vehumet
Xom
The Shining One
Jiyva

Shops:
D:7 [   Shoals:2 [

Annotations:
Lair:4 2 transporters, d4rk's ghost, journeyman DsGl


Innate Abilities, Weirdness & Mutations

You passively map the area around you.
You are easily found by Zot.
You glow in the dark.
You regain HP and MP as you explore.


Message History

* * * LOW HITPOINT WARNING * * *
You feel sick.
The merfolk impaler hits you but does no damage. x2
You block the merfolk impaler's attack.
Things that are here:
a +0 trident; a merfolk corpse Unknown command.
You feel sick.
The merfolk impaler hits you but does no damage.
The merfolk impaler hits you with a +3 trident of protection.
* * * LOW HITPOINT WARNING * * *
The merfolk impaler hits you but does no damage.
The merfolk impaler barely misses you.
Unknown command.
You bludgeon the merfolk impaler!!
The merfolk impaler is moderately wounded.
You feel sick.
You block the merfolk impaler's attack. x2
Unknown command.
Unknown command.
You hit the merfolk impaler but do no damage.
The merfolk impaler is moderately wounded.
The merfolk impaler hits you with a +2 trident of venom!
* * * LOW MAGIC WARNING * * *
* * * LOW HITPOINT WARNING * * *
You are more poisoned.
The merfolk impaler completely misses you.
You block the merfolk impaler's attack.
You thump the merfolk impaler!
The merfolk impaler is moderately wounded.
You feel sick.
The merfolk impaler hits you with a +3 trident of protection!
* * * LOW MAGIC WARNING * * *
* * * LOW HITPOINT WARNING * * *
The merfolk impaler misses you. The merfolk impaler closely misses you.
You puncture the merfolk impaler!
The merfolk impaler is heavily wounded.
You feel sick. The merfolk impaler closely misses you.
The merfolk impaler hits you with a +3 trident of protection!
* * * LOW MAGIC WARNING * * *
You die...

P..~........≈# .
≈≈≈PPP~~.......≈#.. ~
≈≈≈P~PP~P......≈#.,,,
~ ~
~≈≈≈~~P~~~......≈# *
≈≈≈~~~P~~~..<..≈##
,**
≈≈~~~≈~~~~~~~~~≈≈## *
~ ≈≈~~~~~~..~~~~~≈≈≈.
~ ~
≈≈~~~~~..m~~~~~~≈≈.,
~ ~
~≈≈≈~~~))@m.~~$~~~..
,,
≈≈≈~~..†###...~~~~~~~
~ ≈≈≈~~...# #...~~~~~
~~ ~ ~ ~
≈≈~~~~).#*#...~~.~~
≈~~~~~~..,....~...~ ~
~ ~
≈~~~~~~......E..~~~
~~ ~
≈≈~~~~~~.~.....~~~ ~
~~ ≈≈≈≈~~~~~~.. ~ ~ ~
~≈≈≈≈≈~~~~~~.., ~~ ~


You could see 2 merfolk impalers.

Vanquished Creatures
  Polyphemus (Shoals:4)
  The ghost of Lobster4 the Summoner, a journeyman TeSu of Sif Muna (Lair:5)
  3 hydras
  2 merfolk avatars (Shoals:2)
  A catoblepas (Shoals:3)
  2 two-headed ogres (D:10)
  4 death yaks (Shoals:3)
  An occultist (D:10)
  3 skysharks
  2 sea snakes
  Pikel (D:9)
  An orc knight (D:10)
  4 manticores
  Maurice (D:8)
  A torpor snail (Lair:3)
  5 black mambas
  7 cane toads
  10 komodo dragons
  3 rime drakes (Lair:5)
  Maggie (D:8)
  2 tengu conjurers (D:10)
  Psyche (D:8)
  5 merfolk
  3 hornets (Lair:5)
  14 blink frogs
  7 snapping turtles
  A slime creature (D:10)
  3 water elementals
  2 shadows (D:10)
  3 wyverns
  3 spriggans (Lair:5)
  37 yaks
  A vampire (D:10)
  2 wraiths
  3 basilisks
  2 death yak simulacra (Lair:5)
  A steam dragon (D:9)
  11 water moccasins
  2 orc warriors (D:8)
  5 black bears
  A boulder beetle simulacrum (Lair:5)
  19 wolves
  4 boggarts
  3 centaurs
  3 lemures (D:9)
  2 phantoms
  An elf zombie (Ossuary)
  6 bullfrogs
  2 scorpions
  2 gnoll sergeants
  3 cane toad simulacra (Lair:5)
  5 wights (D:8)
  A dream sheep simulacrum (Lair:5)
  5 killer bees
  9 howler monkeys
  2 komodo dragon simulacra (Lair:5)
  A human zombie (Ossuary)
  2 orc priests
  3 centaur zombies (Ossuary)
  A gnoll bouda (D:5)
  3 hounds
  A jelly (D:4)
  2 iguanas (D:6)
  10 orc wizards
  6 hell rats (Lair:1)
  2 mummies (Ossuary)
  6 gnolls
  17 adders
  2 river rats (D:6)
  A shadow imp (D:6)
  2 ufetubi (D:5)
  2 adder zombies (Ossuary)
  5 worms (D:6)
  22 orcs
  5 ball pythons
  5 endoplasms
  9 goblins
  5 hobgoblins
  2 jackals (D:1)
  4 kobolds
  4 quokkas
  3 bats
  10 frilled lizards
  3 goblin zombies (Ossuary)
  11 hobgoblin zombies (Ossuary)
  A jackal zombie (Ossuary)
  8 kobold zombies (Ossuary)
  7 orc zombies (Ossuary)
  6 rats
401 creatures vanquished.

Vanquished Creatures (others)
  An orc wizard (D:5)
1 creature vanquished.

Grand Total: 402 creatures vanquished

Notes
Turn   | Place    | Note
-------+----------+-------------------------------------------
     0 | D:1      | lunkers the Meteoran Fighter began the quest for the Orb.
     0 | D:1      | Reached XP level 1. HP: 19/19 MP: 2/2
   167 | D:1      | Reached XP level 2. HP: 26/26 MP: 3/3
   328 | D:1      | Reached XP level 3. HP: 31/31 MP: 4/4
   537 | D:2      | Found a glowing golden altar of the Shining One.
   545 | D:2      | Became a worshipper of the Shining One
   586 | D:2      | Reached skill level 5 in Maces & Flails
   586 | D:2      | Reached XP level 4. HP: 38/38 MP: 5/5
   940 | D:3      | Found a shadowy altar of Dithmenos.
   982 | D:3      | Noticed a water moccasin
   993 | D:3      | Killed a water moccasin
   994 | D:3      | Reached XP level 5. HP: 19/45 MP: 6/6
   994 | D:3      | Reached XP level 6. HP: 21/51 MP: 7/7
  1010 | D:3      | Found a radiant altar of Vehumet.
  1396 | D:5      | Entered Level 5 of the Dungeon
  1502 | D:5      | Reached XP level 7. HP: 17/57 MP: 3/8
  1689 | D:5      | Reached * piety under the Shining One
  1699 | D:5      | Reached skill level 10 in Maces & Flails
  1762 | D:5      | Reached XP level 8. HP: 59/63 MP: 7/9
  1915 | D:6      | Found a sand-covered staircase.
  1920 | Ossuary  | Entered an ossuary
  1961 | Ossuary  | Reached ** piety under the Shining One
  2047 | Ossuary  | Reached *** piety under the Shining One
  2109 | Ossuary  | Reached **** piety under the Shining One
  2180 | Ossuary  | Identified a scroll of acquirement
  2180 | Ossuary  | Acquired the +1 pair of boots of the Bulwark {MP+9 Dex-5
                  | Slay+5}
  2377 | D:6      | Found a glowing drain.
  2382 | Sewer    | Entered a sewer
  2730 | D:6      | Gained mutation: You passively map the area around you.
                  | [Meteoran growth]
  2730 | D:6      | Reached XP level 9. HP: 39/70 MP: 8/10
  2844 | D:6      | Found a blossoming altar of Fedhas.
  3156 | D:7      | You fall into a shaft and drop 3 floors!
  3156 | D:10     | Entered Level 10 of the Dungeon
  3182 | D:9      | Found an ancient bone altar of Kikubaaqudgha.
  3208 | D:9      | Reached skill level 1 in Invocations
  3250 | D:9      | Reached skill level 1 in Dodging
  3320 | D:7      | Found a staircase to the Ecumenical Temple.
  3330 | D:7      | Identified the +5 trident of Shrieking Terror {flame,
                  | Fragile +Blink rF+ rC++}
  3463 | D:7      | Found a shimmering altar of Xom.
  3532 | D:7      | Found Gegyev's Antique Armour Shop.
  3540 | D:7      | Bought a twisted scarf for 240 gold pieces
  3540 | D:7      | Identified the scarf "Goorar" {+Inv, +Blink rC- Will+++}
                  | (You bought it in a shop on level 7 of the Dungeon)
  3543 | D:7      | Acquired the ring "Plog" {rPois MP+9}
  3546 | D:7      | Acquired the +3 buckler of Midsummer {rPois rN+}
  3558 | D:7      | Acquired the ring "Woatyf" {AC+4 Str+3 Dex+3}
  3675 | D:8      | Reached XP level 10. HP: 79/80 MP: 14/14
  3700 | D:8      | Noticed Maggie
  3715 | D:8      | Killed Maggie
  3716 | D:8      | Reached skill level 5 in Invocations
  3947 | D:8      | Noticed Psyche
  3955 | D:8      | Killed Psyche
  3956 | D:8      | Reached skill level 5 in Fighting
  3956 | D:8      | Reached skill level 5 in Armour
  3992 | D:8      | Noticed Maurice
  4011 | D:8      | Maurice stole a +0 flail of chaos
  4021 | D:8      | Killed Maurice
  4315 | D:9      | Noticed a six-headed hydra
  4358 | D:9      | Killed a six-headed hydra
  4359 | D:9      | Reached skill level 5 in Dodging
  4359 | D:9      | Reached XP level 11. HP: 58/89 MP: 18/18
  4379 | D:9      | Identified the +3 leather armour of Entitlement {rC- Str+3
                  | Dex+2}
  4555 | D:9      | Noticed Pikel
  4579 | D:9      | Killed Pikel
  4893 | D:10     | Noticed a two-headed ogre
  4893 | D:10     | Noticed a two-headed ogre
  4906 | D:10     | Killed a two-headed ogre
  4911 | D:10     | Killed a two-headed ogre
  4985 | D:10     | Found a staircase to the Lair.
  5030 | D:10     | Reached XP level 12. HP: 95/101 MP: 19/19
  5069 | D:10     | Reached ***** piety under the Shining One
  5072 | D:10     | Noticed an orc knight
  5081 | D:10     | Killed an orc knight
  5082 | D:10     | Reached skill level 10 in Dodging
  5352 | D:10     | Noticed an occultist
  5358 | D:10     | Killed an occultist
  5374 | Lair:1   | Entered Level 1 of the Lair of Beasts
  5799 | Lair:1   | Reached XP level 13. HP: 111/111 MP: 20/20
  6141 | Lair:4   | Reached skill level 10 in Fighting
  6141 | Lair:4   | Reached skill level 10 in Armour
  6172 | Lair:4   | Noticed d4rk's ghost (journeyman DsGl)
  6174 | Lair:4   | Found a transporter.
  6192 | Lair:4   | Found a transporter.
  6196 | Lair:4   | Noticed a boulder beetle
  6208 | Lair:4   | Noticed an eight-headed hydra
  6217 | Lair:4   | Killed an eight-headed hydra
  6427 | Lair:5   | Entered Level 5 of the Lair of Beasts
  6427 | Lair:5   | Found a runed translucent gate.
  6427 | Lair:5   | Found a runed translucent gate.
  6427 | Lair:5   | Found a runed translucent gate.
  6446 | Lair:5   | Acquired a manual of Armour
  6498 | Lair:5   | Found a viscous altar of Jiyva.
  6504 | Lair:5   | Found a staircase to the Slime Pits.
  6593 | Lair:5   | Noticed a seven-headed hydra
  6611 | Lair:5   | Killed a seven-headed hydra
  6672 | Lair:5   | Noticed Lobster4's ghost (journeyman TeSu)
  6682 | Lair:5   | Reached skill level 10 in Invocations
  6700 | Lair:5   | Killed Lobster4's ghost
  6701 | Lair:5   | Reached XP level 14. HP: 41/122 MP: 16/22
  6745 | Lair:5   | Got the ring of Xom, Leaping {Fire Int+3}
  6749 | Lair:5   | Identified the +0 ring mail "Peih" {Drain +Blink MP+9
                  | Str+4}
  7101 | Lair:3   | Found a staircase to the Shoals.
  7122 | Shoals:1 | Entered Level 1 of the Shoals
  7260 | Shoals:2 | Found Mooh's Antique Armour Shoppe.
  7278 | Shoals:2 | Bought a pair of glimmering gloves for 218 gold pieces
  7278 | Shoals:2 | Identified the +0 pair of gloves of Syndicalism {rC-
                  | Slay+4} (You bought it in a shop on level 2 of the Shoals)
  7405 | Shoals:2 | Reached ****** piety under the Shining One
  7494 | Shoals:4 | Entered Level 4 of the Shoals
  7504 | Shoals:4 | Noticed Polyphemus
  7662 | Shoals:4 | Killed Polyphemus
  7697 | Shoals:4 | Noticed a merfolk javelineer
  7707 | Shoals:4 | Noticed a merfolk impaler
  7708 | Shoals:4 | Noticed a merfolk impaler
  7708 | Shoals:4 | Noticed a merfolk impaler
  7709 | Shoals:4 | Noticed a merfolk impaler
  7709 | Shoals:4 | Noticed a merfolk impaler
  7710 | Shoals:4 | Noticed a frost giant
  7719 | Shoals:4 | Noticed a merfolk impaler
  7724 | Shoals:4 | Noticed a merfolk javelineer
  7740 | Shoals:4 | Reached XP level 15. HP: 114/130 MP: 25/25
  7765 | Shoals:4 | Slain by a merfolk impaler

Illustrated notes

Levels and vault maps discovered:
D:1:      tekkud_arrival_beachfront_property, layout_basic, serial_shops, shop,
          minivault_24
D:2:      layout_basic, basic_altar, hangedman_abyss_or_decor_lesser_grid,
          minivault_25
D:3:      layout_basic, mainiacjoe_overflow_catch_the_wave
D:4:      layout_basic
D:5:      layout_basic, uniq_ijyb
D:6:      layout_loops_ring, kennysheep_little_box, lightli_sewer_entry_pipes,
          enter_ossuary_2
D:7:      layout_basic, amcnicky_altar_gilded, minmay_temple_entry_overgrown,
          serial_shops, nicolae_diamond_shop
D:8:      layout_loops_corners, uniq_maurice, uniq_maggie, uniq_psyche
D:9:      layout_basic, mainiacjoe_overflow_catwalk, kennysheep_small_circle,
          uniq_pikel
D:10:     minmay_distorted_concentric_squares, layout_small_grid,
          due_lair_maze_entry_diamond, serial_glass, glass_columns_b,
          glass_columns_a, minmay_strange_pillars, minmay_strange_pillars,
          unseen_surprise_small, nicolae_phantomly_mirrored
Lair:1:   layout_chaotic_city, serial_bayou_pond_a
Lair:2:   layout_roguey, nicolae_snake_entry_warm_welcome
Lair:3:   layout_regular_city, minmay_shoals_entry_hut, nicolae_lair_lindhole,
          serial_bayou_shore_a
Lair:4:   nzn_winding_woodlands_small [nzn_winding_woodlands_5x15_sawtooth,
          nzn_winding_woodlands_center_pierced_h,
          nzn_winding_woodlands_5x15_pool], layout_misc_corridors,
          gammafunk_ghost_arena
Lair:5:   minmay_lair_end_enchanted_forest, layout_layer_cave,
          minmay_slime_entry_oklob_enclosed, gammafunk_ghost_icy,
          serial_bayou_shore_b
Shoals:1: layout_shoals, nicolae_shoals_square_sea_wall
Shoals:2: layout_shoals, serial_shops, nicolae_shop_window_shopping
Shoals:3: layout_shoals, uniq_ilsuiw
Shoals:4: shoals_end_grunt_ice, layout_shoals, nicolae_shoals_mertower,
          uniq_polyphemus, uniq_nikola

Skill      XL: |  1  2  3  4  5  6  7  8  9 10 11 12 13 14 |
---------------+-------------------------------------------+-----
Maces & Flails | 3 4 5 7 8 10 12 14 | 14.8
Invocations    | 4 8 10 12 | 12.0
Dodging        | 2 5 9 11 13 14 | 14.8
Fighting       | 4 6 7 9 10 11 | 11.6
Armour         | 4 6 7 9 10 12 | 12.7
Shields        | |  3.2

Action                     |  1- 3 |  4- 6 |  7- 9 | 10-12 | 13-15 || total
---------------------------+-------+-------+-------+-------+-------++-------
  Melee: Flail             |    55 |       |       |       |       ||    55
         Mace              |    16 |   122 |       |       |       ||   138
         Morningstar       |       |    83 |   307 |   426 |   670 ||  1486
 Invoke: Divine Shield     |       |       |       |     1 |     2 ||     3
  Evoke: Wand              |       |     2 |       |     2 |     3 ||     7
    Use: Scroll            |     3 |       |    17 |     2 |     9 ||    31
         Potion            |       |     2 |     1 |       |       ||     3
 Armour: Scale mail        |    49 |   149 |   209 |    29 |       ||   436
         Ring mail         |       |       |       |   177 |   470 ||   647
  Dodge: Dodged            |    42 |   103 |   108 |   200 |   453 ||   906
  Block: Buckler           |    25 |    42 |    69 |   143 |   347 ||   626

Table legend: (Time is in decaauts)
 A = Elapsed time spent in this place.
 B = Non-inter-level travel time spent in this place.
 C = Inter-level travel time spent in this place.
 D = Time resting spent in this place.
 E = Time spent auto-exploring this place.
 F = Levels seen in this place.
 G = Mean time per level.
                   A        B        C        D        E       F      G
               +--------+--------+--------+--------+--------+-----+--------+
         Total |   7753 |   7566 |    187 |      0 |   4009 |  21 |  369.2 |
       Dungeon |   4800 |   4648 |    152 |      0 |   3052 |  10 |  480.0 |
          Lair |   1675 |   1640 |     35 |      0 |    642 |   5 |  335.0 |
        Shoals |    627 |    627 |      0 |      0 |     16 |   4 |  156.8 |
         Sewer |    368 |    368 |      0 |      0 |    203 |   1 |  368.0 |
       Ossuary |    282 |    282 |      0 |      0 |     96 |   1 |  282.0 |
               +--------+--------+--------+--------+--------+-----+--------+

Top non-repeatable levels by time:
     D:6: 798 daAuts
     D:9: 662 daAuts
     D:8: 640 daAuts
  Lair:5: 520 daAuts
    D:10: 511 daAuts
     D:3: 477 daAuts
  Lair:1: 425 daAuts
     D:1: 412 daAuts
     D:5: 383 daAuts
   Sewer: 368 daAuts
     D:7: 367 daAuts
  Lair:3: 345 daAuts
     D:4: 294 daAuts
  Lair:4: 290 daAuts
 Ossuary: 282 daAuts
